 Dungeon Crawl Stone Soup version 0.30-a0-738-g116ff8c4af (webtiles) character file.

Game seed: 2533364832920769846

575740 holysushi the Metallomancer (level 27, -1/188 (190) HPs)
             Began as an Octopode Conjurer on Feb 4, 2023.
             Was an Initiate of Gozag.
             Killed by a royal mummy's death curse (13 damage)
             ... on level 14 of a ziggurat.
             The game lasted 03:31:59 (86464 turns).

holysushi the Metallomancer (Octopode Conjurer)    Turns: 86464, Time: 03:32:00

HP:   -1/188 (190)  AC:  2    Str:  8    XL:     27
MP:   45/64         EV: 40    Int: 60    God:    Gozag
Gold: 8884          SH: 14    Dex: 28    Spells: 33/65 levels left

rFire   + + +      SeeInvis +    K - +6 hand axe of Severance {heavy, Drain +Blink rC+ Int+8}
rCold   + + .      Faith    .    a - +1 buckler "Eraty" {rF+ Int+6}
rNeg    + + .      Spirit   .    h - +1 hat of Hide-and-Seek {rF++ rN+ Int+5}
rPois   +          Reflect  +    T - amulet of reflection
rElec   +          Harm     .    u - ring of Taelas {Wiz rF+ Int+4 Dex+4}
rCorr   +          Rampage  .    g - ring "Meicvoladgh" {rF+ rN+ Will+}
Will    ++++.                    c - ring of Moderation {rElec rC+ Int+6 Dex+3}
Stlth   ++++++++                 b - ring "Udixil" {Fly rPois Dex+5}
HPRegen 0.51/turn                V - ring of Lualel {MP+9 SInv Stlth+}
MPRegen 0.39/turn                e - +5 ring of evasion
                                 n - ring of magical power
                                 I - ring "Veniph" {rF+ Will+ rCorr Dex+4 Stlth+}

@: brilliant, gold aura, flying, hasted and slowed, studying 2 skills, lightly
drained
A: almost no armour, amphibious, 8 rings, camouflage 1, gelatinous body 1,
(nimble swimmer 1), tentacles, heat vulnerability 1
}: 3/15 runes: decaying, serpentine, silver
a: Renounce Religion, Evoke Blink, Potion Petition, Call Merchant, Bribe Branch


You were on level 14 of a ziggurat.
You worshipped Gozag.
Gozag was greatly pleased with you.
You visited 9 branches of the dungeon, and saw 42 of its levels.
You visited 1 bazaar.
You visited 1 ziggurat, and saw 14 of its levels.
You also visited: Bailey and Ice Cave.

You collected 26480 gold pieces.
You spent 9694 gold pieces at shops.
You paid 7902 gold pieces to Gozag.

Inventory:

Hand Weapons
 K - the +6 hand axe of Severance (weapon) {heavy, Drain +Blink rC+ Int+8}
   (You found it on level 10 of a ziggurat)

   Int:       It affects your intelligence (+8).
   rC:        It protects you from cold.
   +Blink:    It lets you blink.
   Drain:     It drains your maximum health when unequipped.
Missiles
 G - 7 throwing nets (quivered)
Armour
 a - the +1 buckler "Eraty" (worn) {rF+ Int+6}
   (You bought it in a shop on level 2 of the Orcish Mines)

   Int:       It affects your intelligence (+6).
   rF:        It protects you from fire.
 h - the +1 hat of Hide-and-Seek (worn) {rF++ rN+ Int+5}
   (You acquired it in a bazaar)

   Int:       It affects your intelligence (+5).
   rF:        It greatly protects you from fire.
   rN:        It protects you from negative energy.
 j - a +2 tower shield of reflection
Jewellery
 b - the ring "Udixil" (on tentacle) {Fly rPois Dex+5}
   (You bought it in a shop on level 2 of the Snake Pit)

   [ring of flight]

   Dex:       It affects your dexterity (+5).
   rPois:     It protects you from poison.
   Fly:       It grants you flight.
 c - the ring of Moderation (on tentacle) {rElec rC+ Int+6 Dex+3}
   (You acquired it on level 2 of the Dungeon)

   [ring of intelligence]

   Int:       It affects your intelligence (+6).
   Dex:       It affects your dexterity (+3).
   rC:        It protects you from cold.
   rElec:     It insulates you from electricity.
 e - a +5 ring of evasion (on tentacle)
 g - the ring "Meicvoladgh" (right tentacle) {rF+ rN+ Will+}
   (You found it on level 5 of the Vaults)

   [ring of protection from fire]

   rF:        It protects you from fire.
   rN:        It protects you from negative energy.
   Will:      It increases your willpower.
 n - a ring of magical power (on tentacle)
 s - the ring of Atheism {rN+ MP+9}
   (You found it on level 8 of a ziggurat)

   [ring of magical power]

   rN:        It protects you from negative energy.
   MP:        It affects your magic capacity (+9).
 u - the ring of Taelas (left tentacle) {Wiz rF+ Int+4 Dex+4}
   (You bought it in a shop on level 3 of the Lair of Beasts)

   [ring of wizardry]

   It improves your spell success rate.
   Int:       It affects your intelligence (+4).
   Dex:       It affects your dexterity (+4).
   rF:        It protects you from fire.
 H - a ring of see invisible
 I - the ring "Veniph" (on tentacle) {rF+ Will+ rCorr Dex+4 Stlth+}
   (You bought it in a shop in a bazaar)

   [ring of resist corrosion]

   Dex:       It affects your dexterity (+4).
   rF:        It protects you from fire.
   rCorr:     It protects you from acid and corrosion.
   Will:      It increases your willpower.
   Stlth:     It makes you more stealthy.
 J - a +6 ring of intelligence
 L - the ring "Obeimusu" {Fly Dex+3}
   (You found it on level 9 of a ziggurat)

   [ring of flight]

   Dex:       It affects your dexterity (+3).
   Fly:       It grants you flight.
 R - the ring "Fuyxt" {rPois rC+++ rCorr Int-2 Dex+3}
   (You found it on level 4 of a ziggurat)

   [ring of poison resistance]

   Int:       It affects your intelligence (-2).
   Dex:       It affects your dexterity (+3).
   rC:        It renders you almost immune to cold.
   rPois:     It protects you from poison.
   rCorr:     It protects you from acid and corrosion.
 T - an amulet of reflection (around mantle)
 V - the ring of Lualel (on tentacle) {MP+9 SInv Stlth+}
   (You bought it in a shop on level 3 of the Swamp)

   [ring of magical power]

   MP:        It affects your magic capacity (+9).
   SInv:      It lets you see invisible.
   Stlth:     It makes you more stealthy.
Wands
 C - a wand of acid (37)
 U - a wand of roots (12)
 Z - a wand of digging (22)
Scrolls
 d - 10 scrolls of silence
 l - 12 scrolls of fog
 t - 11 scrolls of vulnerability
 v - 11 scrolls of immolation
 y - 20 scrolls of magic mapping
 A - 19 scrolls of teleportation
 E - 7 scrolls of blinking
 O - 2 scrolls of summoning
 Q - a scroll of amnesia
 Y - 9 scrolls of fear
Potions
 f - 11 potions of might
 i - 26 potions of curing
 m - 3 potions of magic
 o - 8 potions of brilliance
 p - 7 potions of lignification
 q - 7 potions of invisibility
 r - 17 potions of mutation
 w - 9 potions of resistance
 z - 6 potions of ambrosia
 F - 3 potions of cancellation
 M - 4 potions of berserk rage
 N - 11 potions of haste
 S - 7 potions of flight
 W - 7 potions of heal wounds
Miscellaneous
 k - a phial of floods
 x - a box of beasts
 D - a condenser vane
 P - a phantom mirror
 X - a tin of tremorstones (2/2)


   Skills:
 - Level 16.5 Fighting
 - Level 7.9 Staves
 - Level 21.0 Dodging
 - Level 10.0 Stealth
 - Level 10.0 Shields
 - Level 19.6 Spellcasting
 - Level 16.4 Conjurations
 - Level 5.0 Hexes
 - Level 3.0 Summonings
 - Level 3.0 Necromancy
 - Level 2.0 Fire Magic
 + Level 22.0 Earth Magic
 - Level 8.0 Evocations


You had 33 spell levels left.
You knew the following spells:

 Your Spells              Type           Power      Damage    Failure   Level
a - Spellforged Servitor  Conj/Summ      66%        N/A       1%          7
b - Iron Shot             Conj/Erth      81%        9d15      0%          6
c - Borgnjor's Vile Clut  Necr/Erth      71%        N/A       1%          5
d - Shatter               Erth           85%        3d62*     1%          9
e - Lee's Rapid Deconstr  Erth           85%        3d38*     0%          5

Your spell library contained the following spells:

 Spells                   Type           Power      Damage    Failure   Level
 Foxfire                  Conj/Fire      100%       2x1d9     0%          1
 Kiss of Death            Conj/Necr      100%       2d13      0%          1
 Magic Dart               Conj           100%       1d8       0%          1
 Momentum Strike          Conj/Tloc      100%       3d10      0%          2
 Passwall                 Tmut/Erth      100%       N/A       0%          2
 Searing Ray              Conj           100%       2d8       0%          2
 Dazzling Flash           Conj/Hex       100%       N/A       0%          3
 Hailstorm                Conj/Ice       100%       3d20      0%          3
 Leda's Liquefaction      Hex/Erth       73%        N/A       0%          4
 Petrify                  Tmut/Erth      100%       N/A       0%          4
 Iskenderun's Battlesphe  Conj           100%       2d15      0%          5
 Apportation              Tloc           100%       N/A       1%          1
 Beastly Appendage        Tmut           100%       N/A       1%          1
 Freeze                   Ice            100%       1d10      1%          1
 Necrotise                Necr           100%       1d9       1%          1
 Slow                     Hex            100%       N/A       1%          1
 Sting                    Tmut/Pois      100%       1d8       1%          1
 Summon Small Mammal      Summ           100%       N/A       1%          1
 Blink                    Tloc           100%       N/A       1%          2
 Call Imp                 Summ           97%        N/A       1%          2
 Ensorcelled Hibernation  Hex/Ice        100%       N/A       1%          2
 Lesser Beckoning         Tloc           100%       N/A       1%          2
 Poisonous Vapours        Pois/Air       100%       N/A       1%          2
 Scorch                   Fire           100%       2d10      1%          2
 Wereblood                Tmut           73%        N/A       1%          2
 Call Canine Familiar     Summ           97%        N/A       1%          3
 Confusing Touch          Hex            100%       N/A       1%          3
 Frozen Ramparts          Ice            100%       1d16      1%          3
 Gell's Gravitas          Tloc           73%        N/A       1%          3
 Ignite Poison            Fire/Tmut/Pois 79%        N/A       1%          3
 Inner Flame              Hex/Fire       100%       N/A       1%          3
 Kindle Blastsparks       Fire/Tloc/Air  100%       2d18      1%          3
 Mephitic Cloud           Conj/Pois/Air  100%       N/A       1%          3
 Portal Projectile        Hex/Tloc       100%       N/A       1%          3
 Spider Form              Tmut/Pois      73%        N/A       1%          3
 Summon Guardian Golem    Hex/Summ       100%       N/A       1%          3
 Swiftness                Air            73%        N/A       1%          3
 Teleport Other           Tloc           73%        N/A       1%          3
 Tukima's Dance           Hex            100%       N/A       1%          3
 Vampiric Draining        Necr           97%        2d12      1%          3
 Airstrike                Air            36%        2d(6-22)  1%          4
 Anguish                  Hex/Necr       51%        N/A       1%          4
 Cause Fear               Hex            54%        N/A       1%          4
 Dispel Undead            Necr           97%        3d30      1%          4
 Flame Wave               Conj/Fire      100%       2d21      1%          4
 Fulminant Prism          Conj/Hex       68%        3d28      1%          4
 Ice Form                 Ice/Tmut       73%        N/A       1%          4
 Iskenderun's Mystic Bla  Conj/Tloc      100%       2d19      1%          4
 Manifold Assault         Tloc           73%        N/A       1%          4
 Olgreb's Toxic Radiance  Pois           73%        N/A       1%          4
 Sticky Flame             Conj/Fire      100%       2d11      1%          4
 Summon Ice Beast         Ice/Summ       86%        N/A       1%          4
 Summon Lightning Spire   Summ/Air       86%        N/A       1%          4
 Agony                    Necr           97%        N/A       1%          5
 Arcjolt                  Conj/Air       62%        1d72      1%          5
 Fireball                 Conj/Fire      65%        3d25      1%          5
 Freezing Cloud           Conj/Ice/Air   56%        6-21      1%          5
 Irradiate                Conj/Tmut      62%        3d32      1%          5
 Lightning Bolt           Conj/Air       62%        1d86      1%          5
 Metabolic Englaciation   Hex/Ice        46%        N/A       1%          5
 Summon Forest            Summ/Tloc      43%        N/A       1%          5
 Conjure Ball Lightning   Conj/Air       62%        3x3d22    1%          6
 Starburst                Conj/Fire      65%        6d17      1%          6
 Statue Form              Tmut/Erth      91%        N/A       1%          6
 Orb of Destruction       Conj           77%        9d17      1%          7
 Lehudib's Crystal Spear  Conj/Erth      81%        10d18     1%          8
 Blade Hands              Tmut           36%        N/A       2%          5
 Death Channel            Necr           48%        N/A       3%          6
 Summon Cactus Giant      Summ           48%        N/A       3%          6
 Dispersal                Tloc           36%        N/A       12%         6
 Haunt                    Necr/Summ      48%        N/A       21%         7
 Malign Gateway           Summ/Tloc      43%        N/A       34%         7
 Dragon Form              Tmut           36%        N/A       52%         7
 Storm Form               Tmut/Air       36%        N/A       52%         7
 Discord                  Hex            54%        N/A       52%         8
 Fire Storm               Conj/Fire      65%        8d16      86%         9
 Chain Lightning          Conj/Air       62%        3d83      93%         9
 Disjunction              Tloc           36%        N/A       99%         8
 Dragon's Call            Summ           48%        N/A       100%        9
 Animate Armour           Summ/Erth      Unusable   N/A       N/A         4
 Animate Dead             Necr           Unusable   N/A       N/A         4

Dungeon Overview and Level Annotations

Branches:
Dungeon (15/15) Zot: 23016  Temple (1/1) D:6 Zot: 5938    Lair (5/5) D:9 Zot: 18204
  Swamp (4/4) Lair:3 Zot: 15653   Snake (4/4) Lair:2 Zot: 13960   Slime (0/5) Lair:4
    Orc (2/2) D:10 Zot: 9712     Elf (3/3) Orc:2 Zot: 12343  Vaults (5/5) D:13 Zot: 17774
  Crypt (0/3) Vaults:3     Depths (3/4) D:15 Zot: 12967  Bailey (visited)
  IceCv (visited)

Altars:
Ashenzari
Cheibriados
Dithmenos
Elyvilon
Fedhas
Gozag
Hepliaklqana
Kikubaaqudgha
Makhleb
Nemelex Xobeh
Okawaru
Qazlal
Ru
Sif Muna
Trog
Uskayaw
Vehumet
Wu Jian
Xom
Yredelemnul
Zin
The Shining One
Jiyva
Lugonu

Shops:
D:9 ?   D:10 [*   D:11 (   D:13 ?   D:14 *   D:15 (   Orc:2 ([*=   Elf:2 =
Elf:3 [   Lair:3 =   Swamp:3 =   Snake:1 :   Snake:2 =::   Snake:3 ?
Snake:4 =   Vaults:1 !   Vaults:2 ?   Vaults:4 !   Depths:1 *(

Portals:
Hell: Depths:1 Depths:2 Depths:3
Abyss: Swamp:1 Depths:1 Depths:2 Depths:3
Pandemonium: Depths:1

Annotations:
D:3 exclusion: door
D:4 1 runed translucent door, Crazy Yiuf
D:7 exclusion: downstairs
D:14 Roxanne
Lair:3 exclusion: downstairs
Lair:4 exclusion: downstairs
Snake:3 2 transporters


Innate Abilities, Weirdness & Mutations

You cannot wear most types of armour.
You are amphibious.
You can wear up to eight rings at the same time.
Your skin changes colour to match your surroundings (Stealth+).
Your rubbery body absorbs attacks. (AC +1, EV +1)
((You are camouflaged when in or above water. (Stealth+)))
You have tentacles for arms and can constrict up to eight enemies at once.
You are vulnerable to heat. (rF-)


Message History

The flying skull is distracted by your dazzling golden aura.
The royal mummy gestures wildly while chanting.
The ancient lich gestures at you while chanting.
You resist with almost no effort.
The mummy is distracted by your dazzling golden aura.
The ushabti shakes and rattles deafeningly!
The mummy moves out of view.
The flying skull gives a hideous shriek!
A guardian mummy comes into view.
Unknown command.
Casting: Shatter (dangerous; 1% risk of failure)
Confirm with . or Enter, or press ? or * to list all spells.
You feel a surge of power!
The dungeon rumbles!
You destroy the death scarab!
The death scarab's corpse disappears in a puff of smoke!
You destroy the death scarab!
The death scarab's corpse disappears in a puff of smoke!
You destroy the death scarab!
The death scarab's corpse disappears in a puff of smoke!
The iron dragon zombie is severely damaged.
You destroy the death scarab!
The death scarab's corpse disappears in a puff of smoke!
You destroy the ancient lich!
You destroy the royal mummy!
You destroy the mummy!
You destroy the royal mummy!
You destroy the mummy priest!
You destroy the guardian mummy!
You destroy the mummy priest!
You destroy the mummy!
You destroy the flying skull!
You destroy the ushabti!
You feel extremely nervous for a moment...
Pain shoots through your body!
* * * LOW HITPOINT WARNING * * *
You feel extremely nervous for a moment...
You hear strange and distant voices.
You feel extremely nervous for a moment...
Your body is wracked with pain!
* * * LOW HITPOINT WARNING * * *
You feel extremely nervous for a moment...
Pain shoots through your body!
You die...
Your body crumbles into a pile of gold.

▓▓...................▓▓▓
.......................▓
........................
.$......................
$$§.....................
$$Z§....................
$$$§....................
$$$.$..@...............∩
?$§.....................
)$$$....................
.$......................
$.......................
........................
.......................▓
▓▓...................▓▓▓


You could see an iron dragon zombie.

Vanquished Creatures
  A dread lich (Vaults:5)
  2 ancient liches
  3 juggernauts
  2 royal mummies (Zig:14)
  Bai Suzhen (Depths:1)
  Margery (Vaults:5)
  5 Killer Klowns
  A curse toe (Zig:12)
  A golden dragon (Vaults:5)
  Vashnia (Snake:2)
  2 iron giants (Zig:9)
  3 tentacled monstrosities (Vaults:5)
  The ghost of Mimusiah the Slayer, an adept HOFi of Hepliaklqana (Snake:3)
  2 pandemonium lords
  A lich (Zig:8)
  2 deep elf master archers (Elf:3)
  Asterion (Vaults:1)
  3 deep elf blademasters
  3 quicksilver dragons
  An ancient champion (Zig:8)
  3 titans (Vaults:5)
  3 sphinxes
  8 tengu reavers
  Frances (D:14)
  A sphinx (shapeshifter) (Zig:10)
  Agnes (D:14)
  A storm dragon (Vaults:5)
  Donald (Snake:2)
  Kirke (D:15)
  7 shadow dragons
  7 fire giants
  A fire giant (shapeshifter) (Zig:6)
  3 nagarajas (Snake:4)
  3 revenants
  A fenstrider witch (Zig:5)
  12 vault wardens
  Louise (Depths:1)
  A quicksilver elemental (Zig:3)
  8 deep elf sorcerers
  A fenstrider witch (shapeshifter) (Zig:10)
  9 frost giants
  An iron dragon (Depths:3)
  An angel (Depths:3)
  4 curse skulls (Zig:12)
  5 orc warlords
  A balrug (Depths:1)
  2 deep elf elementalists
  3 spriggan defenders
  A ghoul (Zig:8)
  31 very ugly things
  6 war gargoyles
  A quicksilver ooze (shapeshifter) (Zig:6)
  2 ironbound thunderhulks
  2 cacodemons
  14 ironbound preservers
  23 stone giants
  A white draconian (IceCv)
  3 deep elf annihilators
  6 eleionomae
  A vampire knight (Depths:3)
  4 dire elephants
  Azrael (Snake:2)
  A demonspawn black sun (Zig:12)
  7 deep elf demonologists
  A spark wasp (shapeshifter) (Depths:1)
  12 spark wasps
  8 bunyips
  9 deep elf death magi
  6 eidola
  A green death (Zig:5)
  An ettin (shapeshifter) (Vaults:5)
  Josephine (Orc:2)
  7 fire dragons
  5 mummy priests (Zig:14)
  3 great orbs of eyes
  7 yaktaur captains (Vaults:5)
  6 ettins
  2 entropy weavers (Zig:4)
  A shambling mangrove (Zig:5)
  5 deep elf high priests
  3 rakshasas
  31 vault guards
  20 hydras
  4 ice dragons
  A hydra (shapeshifter) (Vaults:5)
  Harold (Lair:1)
  A catoblepas (shapeshifter) (Vaults:5)
  A salamander tyrant (Snake:4)
  4 ogre magi
  4 ghost crabs
  2 peacekeepers
  9 centaur warriors
  5 spriggan air magi
  An anaconda (Snake:1)
  13 ironbound frosthearts
  8 boulder beetles
  A death knight (Vaults:3)
  10 two-headed ogres
  13 dancing weapons
  2 deep troll shamans
  13 alligators
  2 vampire magi
  3 tengu warriors
  A death scarab (Zig:14)
  12 naga warriors
  10 orc high priests
  3 deep troll earth magi
  3 spriggan berserkers
  7 hell knights
  3 shock serpents (Snake:3)
  5 naga sharpshooters
  3 soul eaters
  11 spriggans
  4 deep elf knights
  2 titan skeletons
  A pharaoh ant (Zig:4)
  5 iron trolls
  A spark wasp zombie (Depths:3)
  5 skeletal warriors (D:14)
  2 sea snakes (Snake:4)
  2 sixfirhies (Depths:1)
  7 goliath frogs
  4 bog bodies
  49 deep trolls
  5 glowing orange brains
  A naga ritualist (Snake:1)
  8 swamp dragons
  3 orange crystal statues
  2 obsidian statues (Zig:13)
  A flayed ghost (Depths:2)
  7 wizards
  22 deep elf zephyrmancers
  3 deep elf archers
  16 ironbound convokers
  5 harpies (Vaults:5)
  12 phantasmal warriors
  3 lindwurms
  26 deep elf pyromancers
  4 mana vipers
  4 oklob plants (Lair:2)
  10 orc knights
  5 necromancers
  4 wolf spiders
  2 shining eyes (shapeshifter)
  7 orc sorcerers
  A fire giant zombie (Depths:1)
  4 salamanders
  A golden dragon skeleton (Depths:3)
  8 cyclopes
  4 manticores
  A sphinx skeleton (Zig:14)
  A shadow dragon skeleton (Zig:14)
  38 ugly things
  An elephant (shapeshifter) (Zig:2)
  2 will-o-the-wisps
  24 black mambas
  6 moths of wrath
  3 apocalypse crabs
  A stone giant skeleton (Vaults:1)
  2 guardian serpents
  A rust devil (Depths:1)
  16 cane toads
  11 vault sentinels
  8 naga magi
  A gargoyle (D:10)
  A torpor snail (shapeshifter) (Vaults:5)
  8 yaktaurs
  3 efreet
  2 freezing wraiths
  2 kobold demonologists (D:13)
  20 rime drakes
  6 komodo dragons
  A tormentor (Zig:3)
  6 guardian mummies (Zig:14)
  9 tengu conjurers
  3 meliai (D:15)
  18 polar bears
  12 trolls
  7 tyrant leeches
  3 bloated husks
  5 nameless horrors
  18 hornets
  An ettin zombie (Depths:1)
  12 blink frogs
  A deep troll zombie (Vaults:1)
  6 dream sheep (Lair:3)
  22 slime creatures
  A spriggan zombie (Depths:1)
  4 flying skulls (Zig:14)
  An elf simulacrum (Vaults:1)
  A jumping spider (shapeshifter) (Vaults:5)
  A vampire (D:10)
  Sigmund (D:2)
  5 air elementals
  2 shadows (D:10)
  10 water elementals
  An ushabti (Zig:14)
  55 yaks
  8 wraiths
  6 basilisks
  2 humans (D:15)
  6 fire elementals
  17 wyverns
  2 hogs (D:15)
  A basilisk (shapeshifter) (D:13)
  A chaos spawn (Zig:6)
  4 redbacks
  6 steam dragons
  5 vampire mosquitoes
  Edmund (D:4)
  Menkaure (D:3)
  5 wargs
  20 swamp worms
  22 nagas
  An acid dragon (Lair:5)
  A floating eye (Depths:2)
  Duvessa (D:7)
  17 water moccasins
  5 black bears
  2 glowing shapeshifter skeletons
  4 hell hounds (Snake:2)
  67 orc warriors
  2 sky beasts
  7 swamp drakes
  An ice beast (D:7)
  9 wolves
  23 ogres
  15 centaurs
  2 phantoms
  Blork the orc (D:4)
  9 bullfrogs
  4 kobold brigands
  9 earth elementals
  2 scorpions
  3 necrophages
  7 wights
  Dowan (D:7)
  8 killer bees
  3 electric eels
  4 howler monkeys
  A gnoll bouda (D:8)
  3 hounds
  3 jellies
  18 orc priests
  14 iguanas
  24 orc wizards
  8 mummies (Zig:14)
  7 adders
  6 gnolls
  A shadow imp (D:7)
  A white imp (D:5)
  3 ufetubi
  4 worms
  5 dart slugs
  67 orcs
  2 ball pythons (D:2)
  5 endoplasms (D:1)
  3 giant cockroaches
  12 goblins
  6 hobgoblins
  3 jackals (D:1)
  8 quokkas
  4 bats
  A frilled lizard (D:2)
  33 kobolds
  6 rats
  20 fulminant prisms
  2 lurking horrors (Swamp:1)
1716 creatures vanquished.

Vanquished Creatures (collateral kills)
  Saint Roka (Snake:4)
  A tentacled monstrosity (Vaults:4)
  2 sphinxes
  10 nagarajas (Snake:4)
  A deep elf sorcerer (Elf:3)
  A deep elf demonologist (Elf:3)
  An ironbound thunderhulk (Vaults:2)
  2 deep elf death magi (Elf:3)
  2 shambling mangroves (Swamp:4)
  A great orb of eyes (Vaults:2)
  A vault guard (Vaults:4)
  2 anacondas
  A salamander tyrant (Snake:4)
  3 hydras (Swamp:4)
  9 naga warriors
  13 dancing weapons
  3 shock serpents
  7 naga sharpshooters
  4 deep elf knights (Elf:2)
  A soul eater (Zig:12)
  A sea snake (Snake:4)
  3 salamander mystics
  4 deep trolls
  3 swamp dragons (Swamp:4)
  3 naga ritualists (Snake:4)
  2 deep elf zephyrmancers
  A necromancer (Vaults:1)
  2 bog bodies (Swamp:4)
  2 deep elf pyromancers (Elf:2)
  3 mana vipers (Snake:1)
  2 ugly things
  3 salamanders
  5 guardian serpents
  A frost giant skeleton (Vaults:1)
  A nameless horror (Snake:2)
  10 black mambas
  8 naga magi
  2 vault sentinels (Vaults:1)
  2 yaktaurs (Vaults:2)
  2 hornets (Swamp:4)
  2 water elementals (Elf:1)
  3 fire elementals (Snake:2)
  17 nagas
  5 swamp drakes (Swamp:4)
  2 orc warriors (Snake:4)
  An earth elemental (Elf:1)
  2 orc priests (Snake:4)
  An orc (Snake:4)
159 creatures vanquished.

Vanquished Creatures (others)
  A goliath frog (Swamp:2)
  A bloated husk (Swamp:1)
  A polar bear (IceCv)
  A wyvern (D:8)
  A steam dragon (D:8)
  3 ball lightnings (Zig:6)
  A bush (Lair:5)
  2 foxfires (Swamp:3)
  493 fulminant prisms
  92 fungi
  180 plants
776 creatures vanquished.

Grand Total: 2651 creatures vanquished

Notes
Turn   | Place    | Note
-------+----------+-------------------------------------------
     0 | D:1      | holysushi the Octopode Conjurer began the quest for the
                  | Orb.
     0 | D:1      | Reached XP level 1. HP: 11/11 MP: 3/3
   156 | D:1      | Reached XP level 2. HP: 5/17 MP: 0/5
   563 | D:1      | Learned a level 2 spell: Searing Ray
   995 | D:1      | Reached XP level 3. HP: 21/21 MP: 2/7
  1483 | D:1      | Found a faded altar of an unknown god.
  1785 | D:2      | Noticed Sigmund
  2021 | D:2      | Killed Sigmund
  2022 | D:2      | Reached skill level 5 in Spellcasting
  2022 | D:2      | Reached XP level 4. HP: 25/27 MP: 4/11
  2022 | D:2      | Reached XP level 5. HP: 29/31 MP: 4/12
  2266 | D:2      | Reached XP level 6. HP: 36/36 MP: 11/13
  2376 | D:2      | Found an iron altar of Okawaru.
  2915 | D:2      | Identified a scroll of acquirement
  2915 | D:2      | Acquired the ring of Moderation {rElec rC+ Int+6 Dex+3}
  2929 | D:2      | Learned a level 4 spell: Fulminant Prism
  2934 | D:2      | Learned a level 4 spell: Iskenderun's Mystic Blast
  2939 | D:2      | Learned a level 3 spell: Confusing Touch
  3385 | D:3      | Noticed a +0 dagger
  3385 | D:3      | Noticed a +0 short sword
  3385 | D:3      | Noticed a +0 short sword
  3385 | D:3      | Noticed a +0 dagger
  3385 | D:3      | Noticed a +0 spear
  3385 | D:3      | Noticed a +0 falchion
  3386 | D:3      | Noticed a +0 spear
  3386 | D:3      | Noticed a +0 falchion
  3398 | D:3      | Found a hide-covered altar of Uskayaw.
  3656 | D:3      | Reached skill level 5 in Conjurations
  3997 | D:4      | Noticed Menkaure
  3997 | D:4      | Noticed Blork the orc
  4002 | D:3      | Killed Menkaure
  4003 | D:3      | Reached XP level 7. HP: 41/41 MP: 9/15
  4163 | D:4      | Killed Blork the orc
  4557 | D:4      | Learned a level 3 spell: Dazzling Flash
  4567 | D:4      | Found a runed translucent door.
  4568 | D:4      | Noticed Crazy Yiuf
  4738 | D:4      | Noticed Edmund
  4749 | D:4      | Killed Edmund
  4750 | D:4      | Reached XP level 8. HP: 46/46 MP: 9/16
  5145 | D:5      | Entered Level 5 of the Dungeon
  5146 | D:5      | Found a stormy altar of Qazlal.
  5708 | D:5      | Noticed a hornet
  6188 | D:6      | Learned a level 3 spell: Mephitic Cloud
  6391 | D:6      | Found a staircase to the Ecumenical Temple.
  6557 | Temple   | Entered the Ecumenical Temple
  6605 | Temple   | Became a worshipper of Gozag Ym Sagoz the Greedy
  6648 | D:7      | Reached XP level 9. HP: 51/51 MP: 4/19
  6802 | D:6      | Reached skill level 10 in Conjurations
  7700 | D:7      | Noticed Duvessa
  7701 | D:7      | Noticed Dowan
  7705 | D:7      | Killed Dowan
  7707 | D:7      | Killed Duvessa
  8438 | D:8      | Reached skill level 5 in Stealth
  8559 | D:8      | Reached XP level 10. HP: 54/56 MP: 18/20
  9006 | D:8      | Reached skill level 5 in Dodging
  9157 | D:8      | Found a glowing golden altar of the Shining One.
  9453 | D:8      | Noticed a cyclops
  9461 | D:8      | Killed a cyclops
  9643 | D:8      | Noticed a rakshasa
  9655 | D:8      | Killed a rakshasa
  9995 | D:8      | Noticed a centaur warrior
 10263 | D:8      | Killed a centaur warrior
 10264 | D:8      | Reached XP level 11. HP: 43/61 MP: 12/23
 10354 | D:8      | Noticed a two-headed ogre
 10362 | D:8      | Killed a two-headed ogre
 10581 | D:8      | Found a bloodstained altar of Trog.
 11228 | D:5      | Reached skill level 10 in Stealth
 12518 | D:5      | Found a shimmering blue altar of Sif Muna.
 13908 | D:9      | Found a staircase to the Lair.
 14318 | D:9      | Bought a scroll of teleportation for 42 gold pieces
 14318 | D:9      | Bought a scroll of fear for 56 gold pieces
 14318 | D:9      | Bought a scroll of teleportation for 42 gold pieces
 14318 | D:9      | Bought a scroll of fog for 56 gold pieces
 14324 | D:9      | Bought 2 scrolls of enchant armour for 210 gold pieces
 14389 | Lair:1   | Entered Level 1 of the Lair of Beasts
 14389 | Lair:1   | Noticed Harold
 14395 | Lair:1   | Reached skill level 5 in Evocations
 14399 | Lair:1   | Killed Harold
 14400 | Lair:1   | Reached skill level 10 in Dodging
 14774 | D:9      | Reached XP level 12. HP: 61/66 MP: 24/24
 15382 | Lair:1   | Reached skill level 1 in Fighting
 15644 | Lair:2   | Reached skill level 1 in Hexes
 16071 | Lair:2   | Found a staircase to the Snake Pit.
 17209 | Lair:2   | Identified the +2 longbow "Igoanav" {heavy, Int+3}
 17814 | Lair:3   | Found a staircase to the Swamp.
 17924 | Lair:3   | Noticed a seven-headed hydra
 17935 | Lair:3   | Killed a seven-headed hydra
 18338 | Lair:3   | Reached XP level 13. HP: 77/77 MP: 25/25
 19599 | Lair:4   | You fall into a shaft and drop 1 floor!
 19599 | Lair:5   | Entered Level 5 of the Lair of Beasts
 20701 | Lair:4   | Found a viscous altar of Jiyva.
 20703 | Lair:4   | Found a staircase to the Slime Pits.
 21013 | Lair:5   | Reached skill level 1 in Shields
 21189 | Lair:5   | Paralysed by a hornet for 1 turns
 22756 | Lair:3   | Bought the ring of Taelas {Wiz rF+ Int+4 Dex+4} for 729
                  | gold pieces
 22941 | Lair:5   | Reached skill level 5 in Shields
 24728 | Lair:5   | Reached XP level 14. HP: 85/85 MP: 26/26
 25307 | Lair:5   | Reached skill level 5 in Hexes
 26242 | D:10     | Entered Level 10 of the Dungeon
 26247 | D:10     | Found a flagged portal.
 26277 | Bailey   | Entered a bailey
 26959 | D:10     | Found Xoih's Gadget Gallery.
 26966 | D:10     | Bought a wand of digging (5) for 252 gold pieces
 26966 | D:10     | Bought a wand of mindburst (5) for 84 gold pieces
 26966 | D:10     | Bought a wand of acid (2) for 100 gold pieces
 27830 | D:10     | Found a shimmering altar of Xom.
 27970 | D:10     | Found an ornate altar of the Wu Jian Council.
 28136 | D:10     | Found a staircase to the Orcish Mines.
 28206 | D:10     | Found Domett's Armour Boutique.
 28559 | Orc:1    | Entered Level 1 of the Orcish Mines
 28563 | Orc:1    | Reached skill level 1 in Staves
 28948 | Orc:2    | Entered Level 2 of the Orcish Mines
 28948 | Orc:2    | Noticed an orc warlord
 28948 | Orc:2    | Noticed Josephine
 28948 | Orc:2    | Found Zekuef's Jewellery Shop.
 28954 | Orc:2    | Killed Josephine
 28977 | Orc:2    | Reached skill level 5 in Staves
 28982 | Orc:2    | Killed an orc warlord
 29263 | Orc:2    | Found a staircase to the Elven Halls.
 29296 | Orc:2    | Found Sypiluvvei's General Store.
 29314 | Orc:2    | Bought a book of Fire for 480 gold pieces
 29321 | Orc:2    | Learned a level 6 spell: Starburst
 29403 | Orc:2    | Reached skill level 1 in Fire Magic
 30179 | Orc:2    | Found Bufeot's Antique Weapon Boutique.
 30285 | Orc:2    | Found Olaneing's Antique Armour Shoppe.
 30298 | Orc:2    | Bought a masterwork buckler for 304 gold pieces
 30298 | Orc:2    | Identified the +1 buckler "Eraty" {rF+ Int+6} (You bought
                  | it in a shop on level 2 of the Orcish Mines)
 30298 | Orc:2    | Bought an embroidered hat for 224 gold pieces
 30756 | Orc:2    | Bought a scroll of fear for 64 gold pieces
 30983 | D:11     | Reached XP level 15. HP: 87/90 MP: 27/27
 31899 | D:11     | Bought an ivory dagger for 273 gold pieces
 31899 | D:11     | Identified the +3 dagger of Foloyj {holy, rN++ Int-4} (You
                  | bought it in a shop on level 11 of the Dungeon)
 31899 | D:11     | Bought an iridescent hand axe for 312 gold pieces
 31899 | D:11     | Identified the +7 hand axe of the Priest {spect, Int+3}
                  | (You bought it in a shop on level 11 of the Dungeon)
 31899 | D:11     | Bought a bloodstained falchion for 312 gold pieces
 31899 | D:11     | Identified the +3 falchion of the Filigreed God {flame, rC-
                  | rCorr Str+6} (You bought it in a shop on level 11 of the
                  | Dungeon)
 32735 | D:12     | Learned a level 5 spell: Borgnjor's Vile Clutch
 32905 | D:13     | Found a shimmering altar of Xom.
 32905 | D:13     | Found a shimmering altar of Xom.
 32905 | D:13     | Found a shimmering altar of Xom.
 32906 | D:13     | Found a shimmering altar of Xom.
 32906 | D:13     | Found a shimmering altar of Xom.
 32918 | D:13     | Found a shimmering altar of Xom.
 33191 | D:13     | Found Noismev's Magic Scroll Shoppe.
 33196 | D:13     | Bought a scroll of amnesia for 64 gold pieces
 33196 | D:13     | Bought a scroll of blinking for 120 gold pieces
 33196 | D:13     | Bought a scroll of teleportation for 48 gold pieces
 33196 | D:13     | Bought a scroll of teleportation for 48 gold pieces
 33344 | D:13     | Reached skill level 15 in Conjurations
 33587 | D:13     | Found a gate to the Vaults.
 33824 | D:14     | Noticed Agnes
 33833 | D:14     | Killed Agnes
 34215 | D:14     | Identified Roxanne's Compendium of Evolution
 34215 | D:14     | Noticed Roxanne
 34522 | D:14     | Noticed Frances
 34537 | D:14     | Killed Frances
 35098 | D:14     | Found Xoapt's CLEARANCE SALE!.
 35469 | D:15     | Entered Level 15 of the Dungeon
 35497 | D:15     | Reached skill level 15 in Dodging
 36477 | D:15     | Noticed Kirke
 36482 | D:15     | Killed Kirke
 36507 | D:15     | Reached XP level 16. HP: 68/95 MP: 6/29
 37246 | D:15     | Found a staircase to the Depths.
 37476 | D:15     | Bought a slimy dagger for 196 gold pieces
 37476 | D:15     | Identified the +4 dagger of Contention {pain, Dex+3} (You
                  | bought it in a shop on level 15 of the Dungeon)
 37476 | D:15     | Bought a translucent short sword for 224 gold pieces
 37476 | D:15     | Identified the +7 short sword of the Pillar {speed, rPois
                  | rF+ Int+3} (You bought it in a shop on level 15 of the
                  | Dungeon)
 37764 | Swamp:1  | Entered Level 1 of the Swamp
 39111 | Lair:3   | Bought an amulet of reflection for 360 gold pieces
 39289 | Swamp:1  | Found a corrupted altar of Lugonu.
 39577 | Swamp:1  | Found a one-way gate to the infinite horrors of the Abyss.
 40811 | Swamp:2  | Acquired a book of Power
 40818 | Swamp:2  | Identified the +11 mace of Aziusm {pain, Str+3 Dex+4}
 41127 | Swamp:2  | Reached skill level 10 in Spellcasting
 41442 | Swamp:3  | Found a frozen archway.
 41451 | IceCv    | Entered an ice cave
 42377 | IceCv    | Learned a level 7 spell: Spellforged Servitor
 43637 | IceCv    | Reached XP level 17. HP: 99/99 MP: 32/32
 43686 | IceCv    | Identified the +3 whip of the Rotten God {freeze, Int+3}
 45999 | Swamp:4  | Entered Level 4 of the Swamp
 46982 | Swamp:4  | Learned a level 6 spell: Iron Shot
 47288 | Swamp:4  | Reached skill level 1 in Summonings
 47745 | Swamp:4  | Reached skill level 5 in Fighting
 48554 | Swamp:4  | Got a decaying rune of Zot
 48809 | Swamp:3  | Bought the ring of Lualel {MP+9 SInv Stlth+} for 612 gold
                  | pieces
 48906 | Snake:1  | Entered Level 1 of the Snake Pit
 49037 | Snake:1  | Reached skill level 1 in Necromancy
 49037 | Snake:1  | Reached skill level 1 in Earth Magic
 49205 | Snake:1  | Reached skill level 2 in Earth Magic
 49599 | Snake:1  | Reached XP level 18. HP: 111/111 MP: 36/36
 49670 | Snake:1  | Found Xuinimm's Book Boutique.
 49673 | Snake:1  | Bought the Anthology of Ironbound Mustering for 720 gold
                  | pieces
 50423 | Snake:2  | Noticed Azrael
 50428 | Snake:2  | Reached skill level 3 in Earth Magic
 50432 | Snake:2  | Killed Azrael
 50680 | Snake:2  | Noticed Vashnia
 51035 | Snake:2  | Found Ytuegeih's Jewellery Shoppe.
 51035 | Snake:2  | Found Kepyveul's Book Shop.
 51037 | Snake:2  | Found Cujaess's Book Shop.
 51045 | Snake:2  | Bought the ring "Udixil" {Fly rPois Dex+5} for 431 gold
                  | pieces
 51488 | Snake:2  | Noticed Donald
 51505 | Snake:2  | Killed Donald
 53022 | Snake:2  | Found Ytuegeih's Jewellery Shoppe.
 53022 | Snake:2  | Found Kepyveul's Book Shop.
 53024 | Snake:2  | Found Cujaess's Book Shop.
 53080 | Snake:2  | Found Ytuegeih's Jewellery Shoppe.
 53080 | Snake:2  | Found Kepyveul's Book Shop.
 53082 | Snake:2  | Found Cujaess's Book Shop.
 53186 | Snake:2  | Killed Vashnia
 53187 | Snake:2  | Reached skill level 4 in Earth Magic
 54301 | Snake:3  | Found a transporter.
 54307 | Snake:3  | Noticed Mimusiah's ghost (adept HOFi)
 54427 | Snake:3  | Found a transporter.
 54708 | Snake:3  | Found Foism's Magic Scroll Emporium.
 54984 | Snake:3  | Reached skill level 5 in Earth Magic
 55418 | Snake:3  | Learned a level 9 spell: Shatter
 55483 | Snake:4  | Entered Level 4 of the Snake Pit
 55817 | Snake:4  | Reached skill level 6 in Earth Magic
 56167 | Snake:4  | Reached skill level 7 in Earth Magic
 56749 | Snake:4  | Noticed Saint Roka
 56991 | Snake:4  | Killed Saint Roka
 56992 | Snake:4  | Reached skill level 8 in Earth Magic
 57363 | Snake:4  | Reached skill level 9 in Earth Magic
 57727 | Snake:4  | Reached skill level 10 in Earth Magic
 57727 | Snake:4  | Reached XP level 19. HP: 120/120 MP: 37/37
 57854 | Snake:4  | Got a serpentine rune of Zot
 58247 | Snake:4  | Reached skill level 11 in Earth Magic
 58763 | Snake:2  | Bought a book of the Spheres for 702 gold pieces
 58951 | Elf:1    | Entered Level 1 of the Elven Halls
 59395 | Elf:1    | Paralysed by an air elemental for 1 turns
 59470 | Elf:1    | Reached skill level 12 in Earth Magic
 59784 | Elf:1    | Got Vehumet's Parchment of the Shot
 60632 | Elf:2    | Identified the +5 rapier of the World {flame, Str+2}
 60694 | Elf:2    | Reached skill level 13 in Earth Magic
 60996 | Elf:2    | Found Guic's Jewellery Shop.
 61210 | Elf:2    | Found a shimmering blue altar of Sif Muna.
 61443 | Elf:2    | Found a runed translucent gate.
 61443 | Elf:2    | Found a runed translucent gate.
 61448 | Elf:2    | Found a runed translucent gate.
 61717 | Elf:2    | Reached skill level 14 in Earth Magic
 62508 | Elf:3    | Entered Level 3 of the Elven Halls
 62615 | Elf:3    | Reached skill level 15 in Earth Magic
 62790 | Elf:3    | Found Ashrosism's Antique Armour Boutique.
 63062 | Elf:3    | Reached XP level 20. HP: 126/126 MP: 38/38
 63289 | Elf:3    | Identified the +3 morningstar "Pionnori" {heavy, Will++}
 63730 | Elf:3    | Identified the +3 battleaxe "Nierie" {speed, *Slow +Blink
                  | rN+ Will+}
 64203 | Elf:3    | Found the +8 storm bow {elec, penet}
 64210 | Elf:3    | Identified the +7 plate armour "Tuophich" {rC+}
 64211 | Elf:3    | Identified the +1 scale mail of the Flute {Rampage rPois
                  | rC- Will+++}
 64213 | Elf:3    | Got the Codex of Allies
 64273 | Elf:3    | Noticed a Brimstone Fiend
 64352 | Elf:3    | Got the Reference Book on the Mutated Assassin
 64761 | Vaults:1 | Entered Level 1 of the Vaults
 64775 | Vaults:1 | Acquired 693 gold pieces
 64982 | Vaults:1 | Reached skill level 16 in Earth Magic
 65513 | Vaults:1 | Found Anef's Distillery.
 65522 | Vaults:1 | Bought a potion of heal wounds for 75 gold pieces
 65522 | Vaults:1 | Bought a potion of cancellation for 120 gold pieces
 65522 | Vaults:1 | Bought a potion of magic for 120 gold pieces
 66266 | Vaults:1 | Noticed Asterion
 66269 | Vaults:1 | Killed Asterion
 66410 | Vaults:2 | Bought a scroll of teleportation for 63 gold pieces
 66410 | Vaults:2 | Bought a scroll of teleportation for 63 gold pieces
 66410 | Vaults:2 | Bought a scroll of blinking for 157 gold pieces
 66410 | Vaults:2 | Bought a scroll of immolation for 84 gold pieces
 66410 | Vaults:2 | Bought a scroll of immolation for 84 gold pieces
 66750 | Vaults:2 | Reached skill level 17 in Earth Magic
 68391 | Vaults:2 | Reached skill level 18 in Earth Magic
 68812 | Vaults:3 | Found a flickering gateway to a bazaar.
 68818 | Bazaar   | Entered a bazaar
 68818 | Bazaar   | Found Moquzeall's Book Shoppe.
 68818 | Bazaar   | Found Obois's Magic Scroll Shoppe.
 68880 | Bazaar   | Bought a scroll of magic mapping for 67 gold pieces
 68880 | Bazaar   | Bought a scroll of acquirement for 468 gold pieces
 68880 | Bazaar   | Bought a scroll of teleportation for 27 gold pieces
 68880 | Bazaar   | Bought a scroll of magic mapping for 67 gold pieces
 68880 | Bazaar   | Acquired the +1 hat of Hide-and-Seek {rF++ rN+ Int+5}
 68900 | Bazaar   | Found Osepn's General Store.
 68908 | Bazaar   | Bought the ring "Veniph" {rF+ Will+ rCorr Dex+4 Stlth+} for
                  | 914 gold pieces
 68941 | Bazaar   | Found Moerakauci's Antique Weapon Emporium.
 68949 | Bazaar   | Found Marug's Antique Armour Emporium.
 69359 | Vaults:3 | Reached XP level 21. HP: 132/132 MP: 39/39
 69618 | Vaults:3 | Found a staircase to the Crypt.
 69994 | Vaults:3 | Learned a level 5 spell: Lee's Rapid Deconstruction
 70197 | Vaults:3 | Reached skill level 19 in Earth Magic
 71583 | Vaults:4 | Reached skill level 20 in Earth Magic
 71769 | Vaults:4 | Reached skill level 15 in Spellcasting
 72521 | Vaults:4 | Found Bost's Distillery.
 72527 | Vaults:4 | Bought a potion of heal wounds for 80 gold pieces
 72527 | Vaults:4 | Bought a potion of heal wounds for 80 gold pieces
 72556 | Vaults:4 | Bought a potion of haste for 160 gold pieces
 72886 | Vaults:5 | Entered Level 5 of the Vaults
 72889 | Vaults:5 | Reached XP level 22. HP: 137/137 MP: 42/42
 72901 | Vaults:5 | Reached skill level 21 in Earth Magic
 73064 | Vaults:5 | Noticed Margery
 73067 | Vaults:5 | Killed Margery
 73071 | Vaults:5 | Noticed a dread lich
 73241 | Vaults:5 | Killed a dread lich
 73927 | Vaults:5 | Identified the +4 great mace "Hekashau" {freeze, Int+5}
 73992 | Vaults:5 | Noticed a golden dragon
 73997 | Vaults:5 | Killed a golden dragon
 74705 | Vaults:5 | Reached skill level 10 in Fighting
 75170 | Vaults:5 | Reached XP level 23. HP: 148/148 MP: 28/45
 76581 | Vaults:5 | Identified the ring "Meicvoladgh" {rF+ rN+ Will+}
 76604 | Vaults:5 | Got a silver rune of Zot
 77509 | Depths:1 | Entered Level 1 of the Depths
 77510 | Depths:1 | Found a gateway to Hell.
 78515 | Depths:1 | Noticed Louise
 78517 | Depths:1 | Killed Louise
 79077 | Depths:1 | Noticed Bai Suzhen
 79080 | Depths:1 | Killed Bai Suzhen
 79089 | Depths:1 | Found Zin's Purification Station.
 79096 | Depths:1 | Found a glowing silver altar of Zin.
 79440 | Depths:1 | Found Maxoifet's Weapon Boutique.
 79642 | Depths:1 | Found a one-way gate leading to the halls of Pandemonium.
 80238 | Snake:3  | Killed Mimusiah's ghost
 80250 | Snake:3  | Identified the +1 hat of the Catfish {rN+ Str+4 Dex-5}
 80251 | Snake:3  | Identified the +2 leather armour of Eternal Night {rElec
                  | rN+ Dex-2}
 82163 | Depths:2 | Acquired 1057 gold pieces
 82979 | Depths:3 | Reached XP level 24. HP: 144/165 MP: 38/45
 83221 | Depths:3 | Found a one-way gateway to a ziggurat.
 83965 | Depths:3 | Found a corrupted altar of Lugonu.
 84129 | Zig:1    | Entered Level 1 of a ziggurat
 84272 | Zig:2    | Entered Level 2 of a ziggurat
 84275 | Zig:2    | Reached skill level 15 in Fighting
 84281 | Zig:2    | Identified the +6 broad axe of Plague {flame, *Slow Will+
                  | Int+4}
 84303 | Zig:3    | Entered Level 3 of a ziggurat
 84376 | Zig:4    | Entered Level 4 of a ziggurat
 84430 | Zig:4    | Identified the ring "Fuyxt" {rPois rC+++ rCorr Int-2 Dex+3}
 84441 | Zig:4    | Got Liesuiliy's Secrets of Amassed Anthracomancy
 84448 | Zig:5    | Entered Level 5 of a ziggurat
 84557 | Zig:6    | Entered Level 6 of a ziggurat
 84562 | Zig:6    | Noticed Rueris the pandemonium lord
 84563 | Zig:6    | Noticed a Killer Klown
 84563 | Zig:6    | Found the +10 tower shield of Ignorance {rN+ Int-4}
 84565 | Zig:6    | Killed a Killer Klown
 84565 | Zig:6    | Killed Rueris the pandemonium lord
 84768 | Zig:7    | Entered Level 7 of a ziggurat
 84774 | Zig:7    | Found the +2 cloak of the Thief {*Fog Slay-2 SInv Stlth+}
 84894 | Zig:8    | Entered Level 8 of a ziggurat
 84901 | Zig:8    | Noticed an ancient lich
 84904 | Zig:8    | Killed an ancient lich
 84982 | Zig:8    | Identified the ring of Atheism {rN+ MP+9}
 85032 | Zig:9    | Entered Level 9 of a ziggurat
 85035 | Zig:9    | Noticed a juggernaut
 85035 | Zig:9    | Noticed a juggernaut
 85041 | Zig:9    | Killed a juggernaut
 85041 | Zig:9    | Killed a juggernaut
 85161 | Zig:9    | Identified the ring "Obeimusu" {Fly Dex+3}
 85164 | Zig:9    | Reached XP level 25. HP: 174/174 MP: 46/46
 85165 | Zig:9    | Identified the +8 hand axe of Wiuwul {flame, Int+3}
 85182 | Zig:10   | Entered Level 10 of a ziggurat
 85192 | Zig:10   | Noticed a Killer Klown
 85193 | Zig:10   | Noticed a Killer Klown
 85193 | Zig:10   | Noticed Iloitiu the pandemonium lord
 85193 | Zig:10   | Noticed a Killer Klown
 85193 | Zig:10   | Noticed a Killer Klown
 85197 | Zig:10   | Killed a Killer Klown
 85197 | Zig:10   | Killed Iloitiu the pandemonium lord
 85197 | Zig:10   | Killed a Killer Klown
 85197 | Zig:10   | Killed a Killer Klown
 85197 | Zig:10   | Gained mutation: You are vulnerable to heat. (rF-) [a
                  | cacodemon]
 85198 | Zig:10   | Killed a Killer Klown
 85487 | Zig:10   | Identified the +6 hand axe of Severance {heavy, Drain
                  | +Blink rC+ Int+8}
 85569 | Zig:11   | Entered Level 11 of a ziggurat
 85582 | Zig:11   | Found the necklace of Bloodlust {Fury *Rage Will++ Int-3
                  | Slay+6}
 85714 | Zig:11   | Got Bionem's Secrets of Remoulded Austromancy
 85719 | Zig:11   | Reached XP level 26. HP: 185/185 MP: 46/46
 85731 | Zig:11   | Identified the +1 hat of Conscience {rF- rC+ Will++ Dex+3}
 85799 | Zig:12   | Entered Level 12 of a ziggurat
 85816 | Zig:12   | Reached skill level 10 in Shields
 86178 | Zig:13   | Entered Level 13 of a ziggurat
 86188 | Zig:13   | Noticed a juggernaut
 86191 | Zig:13   | Found the +5 consecrated labrys {holy, Valiant Fragile Fly
                  | SInv}
 86194 | Zig:13   | Reached XP level 27. HP: 190/190 MP: 41/46
 86194 | Zig:13   | Found the +5 demon whip "Spellbinder" {antimagic, disrupt,
                  | Will+}
 86196 | Zig:13   | Killed a juggernaut
 86349 | Zig:13   | Got the Teachings on Sinister Ceremonies
 86444 | Zig:14   | Entered Level 14 of a ziggurat
 86460 | Zig:14   | Noticed a royal mummy
 86460 | Zig:14   | Noticed a royal mummy
 86461 | Zig:14   | Reached skill level 22 in Earth Magic
 86462 | Zig:14   | Noticed an ancient lich
 86464 | Zig:14   | Killed an ancient lich
 86464 | Zig:14   | Killed a royal mummy
 86464 | Zig:14   | Killed a royal mummy
 86464 | Zig:14   | Killed by a royal mummy's death curse

Illustrated notes

Levels and vault maps discovered:
D:1:      eino_arrival_water_star, layout_basic,
          shapermc_ecumenical_altar_acropolis
D:2:      layout_loops_ring, basic_altar, serial_bayou_pond_e,
          nicolae_kite_square_tiling_tiny, grunt_ministairs_15, glass_columns_a,
          uniq_sigmund
D:3:      layout_loops_ring, nicolae_uskayaw_en_pointe, serial_bayou_ford_a,
          minmay_misc_feat_four_crosses, minivault_23
D:4:      layout_basic, uniq_menkaure, uniq_blork_the_orc, uniq_edmund,
          uniq_crazy_yiuf_cottage
D:5:      cheibrodos_fzero, layout_loops_cross,
          mainiacjoe_overflow_small_starburst, led_sif_pool
D:6:      layout_loops_cross, minmay_temple_entry_crystal_x
D:7:      layout_basic, dk_vineyard_1, uniq_duvessa
D:8:      nzn_winding_woodlands_stair_cross [nzn_winding_woodlands_5x15_garden,
          nzn_winding_woodlands_center_garden,
          nzn_winding_woodlands_5x15_sidewinder,
          nzn_winding_woodlands_5x5_open_star,
          nzn_winding_woodlands_5x5_default, nzn_winding_woodlands_5x15_parted,
          nzn_winding_woodlands_center_triple_pond,
          nzn_winding_woodlands_5x15_zeroes], layout_cave_pods,
          nicolae_tso_swordbearing_angel, bloody_trog, st_stairs_8
D:9:      layout_basic, grunt_lair_entry_orc_guard_hut
D:10:     minmay_ornate_pinched, layout_cave_pools,
          mainiacjoe_overflow_two_lobes, enter_bailey_6, serial_shops,
          nicolae_lakefront_shop, hangedman_decor_clover_reticule, st_stairs_2,
          nicolae_shop_gadgets
D:11:     layout_roguey
D:12:     layout_roguey
D:13:     layout_roguey, david_vaults_4, serial_shops, nicolae_square_shop,
          xom_shifter_show
D:14:     layout_basic, amcnicky_mini_rare_corridor_liquid,
          nicolae_shop_clearance, uniq_agnes, uniq_roxanne, uniq_frances
D:15:     hangedman_depths_entry_try_elsewhere_first, layout_basic,
          nicolae_triple_integral, lightli_minifort, uniq_kirke
Temple:   eino_wide_crystal_templ
Lair:1:   layout_cave_shapes, grunt_megastairs_4, serial_bayou_shore_a,
          uniq_harold
Lair:2:   minmay_lair_oklob_tunnel, layout_chaotic_city,
          minmay_snake_entry_guardpost_small, lemuel_fruit_fields
Lair:3:   layout_small_grid, swamp_mist_pool, grunt_megastairs_3,
          serial_bayou_shore_b, infiniplex_staircase_pool
Lair:4:   layout_roguey, slime_entry_1
Lair:5:   guppyfry_lair_end_dragon, layout_cave_pods,
          hangedman_lair_tendril_chambers, nicolae_quartered_pool_super
Swamp:1:  layout_basic_swamp, hangedman_swamp_pad,
          amcnicky_altar_lugonu_corruption
Swamp:2:  layout_falls_marsh, nicolae_swamp_orc_logging_accident
Swamp:3:  nicolae_swamp_ascending_descending_big, layout_basic_swamp,
          portal_ice_cave_entry_pillars_2, nicolae_swamp_round_clearing,
          swamp_pool5, nicolae_swamp_oxbows
Swamp:4:  swamp_basic_johnstein, layout_basic_swamp
Snake:1:  layout_misc_corridors, serial_shops, nicolae_shop_behind_doors
Snake:2:  layout_cave_shapes, minmay_shop_grove, uniq_donald, uniq_azrael,
          uniq_vashnia
Snake:3:  layout_cave_shapes, serial_shops, shop_coins, gammafunk_ghost_arena
Snake:4:  grunt_snake_rune_spirals, layout_onion_interference,
          guppyfry_snake_island, uniq_saint_roka
Orc:1:    layout_caves, mines2_david
Orc:2:    grunt_orc_gardens, layout_diamond_mine, grunt_orc_garden,
          grunt_orc_garden, grunt_orc_garden, grunt_orc_garden, uniq_josephine
Elf:1:    minmay_elf_arrival_plus, layout_gridlike, minmay_elf_annihilation,
          nicolae_elf_loose_elemental_storage
Elf:2:    nicolae_elf_blades_splatter_lattice [grunt_blade_entry_basic],
          layout_gridlike, basic_altar, serial_shops, nicolae_shop_stone
Elf:3:    elf_hall_gauntlet_narrow, layout_geoelf_grid, serial_shops, shop
Vaults:1: v_misc_24, v_misc_10, nicolae_vaults_ring_of_whatevers,
          ontoclasm_vaults_ligature, v_misc_17, vaults_dpeg_emergency_exit,
          layout_vaults_omnigrid, serial_shops, nicolae_lakefront_shop,
          uniq_asterion
Vaults:2: vaults_standard_mumra_lines, nicolae_vaults_sealed_display,
          grunt_vaults_focal, vaults_dpeg_cross, v_misc_10,
          ontoclasm_vaults_chip, nicolae_vaults_circle_grid_b,
          vaults_mumra_chevron_long, grunt_vaults_hallway_short,
          nicolae_vaults_theta, vaults_dpeg_encased_lava,
          layout_vaults_omnicross
Vaults:3: v_alt_pattern_6, minmay_crypt_entry_simple_walls, v_alt_pattern_3,
          nicolae_vaults_big_angled_halls, v_misc_2, nicolae_vaults_asterisk,
          ontoclasm_vaults_hangar, ontoclasm_vaults_gateway,
          nicolae_vaults_little_squares_2, v_misc_13,
          hangedman_vaults_stretched_pinwheel, nicolae_vaults_mini_display_case,
          layout_vaults_omnibox, serial_shops, bzr_entry_dummy
Vaults:4: ontoclasm_vaults_misaligned, vaults_room_fours,
          nicolae_vaults_diagonal_hallway_9, vaults_room_ringed_pool,
          ontoclasm_vaults_ring_large, v_misc_18, v_rooms_2, v_misc_13,
          nicolae_vaults_angled_halls, ontoclasm_vaults_chip,
          vaults_room_guarded_vault, hangedman_vaults_snaps,
          layout_vaults_maze_snakey, serial_shops, shop
Vaults:5: serial_shops, uniq_margery
Depths:1: layout_honeycomb, rand_demon_pan_entry_8, hell_entry,
          nicolae_abyss_entry_one_way_or_another, minmay_door_square,
          serial_shops, nicolae_shop_advertising_works
          [nicolae_subvault_shop_adworks], zin_purify, uniq_bai_suzhen
Depths:2: kennysheep_spiral_hall, layout_gridlike, hell_entry,
          rand_demon_pan_entry_5, enter_trove_0, abyss_entry,
          infiniplex_staircase_spiral
Depths:3: cheibrodos_birdhouse, layout_honeycomb, enter_ziggurat_f,
          small_statue_intersection, abyss_entry_flame_altar, pf_coc_iceberg
Zig:14

Skill      XL: |  1  2  3  4  5  6  7  8  9 10 11 12 13 14 15 16 17 18 19 20 21 22 23 24 25 26 27 |
---------------+----------------------------------------------------------------------------------+-----
Stealth        | 3 5 8 10 | 10.0
Spellcasting   | 5 6 8 9 11 14 16 18 19 | 19.6
Conjurations   | 5 7 9 11 13 14 15 16 | 16.4
Dodging        | 3 6 10 12 13 16 18 21 | 21.0
Evocations     | 3 6 8 |  8.0
Fighting       | 3 4 6 8 10 13 15 16 | 16.5
Hexes          | 2 4 5 |  5.0
Shields        | 5 7 9 10 | 10.0
Staves         | 6 7 |  7.9
Fire Magic     | 2 |  2.0
Summonings     | 3 |  3.0
Necromancy     | 2 3 |  3.0
Earth Magic    | 2 10 15 18 20 21 22 | 22.0

Action                     |  1- 3 |  4- 6 |  7- 9 | 10-12 | 13-15 | 16-18 | 19-21 | 22-24 | 25-27 || total
---------------------------+-------+-------+-------+-------+-------+-------+-------+-------+-------++-------
  Melee: Unarmed           |    25 |       |       |       |       |       |       |       |       ||    25
         Constrict         |     4 |       |     2 |     6 |    14 |     5 |       |     5 |       ||    36
         Tentacles         |     5 |       |     1 |     6 |    32 |    27 |     1 |    20 |       ||    92
         Punch             |     1 |       |       |     1 |     1 |     1 |       |       |       ||     4
         Short sword       |       |     1 |       |       |       |    40 |       |       |       ||    41
         Dagger            |       |       |     6 |    22 |    33 |       |       |       |       ||    61
         Staff             |       |       |       |       |    62 |    18 |     5 |    42 |       ||   127
   Fire: Longbow           |       |       |       |     2 |     7 |       |       |       |       ||     9
  Throw: Dart              |       |       |       |     3 |       |       |       |       |       ||     3
   Cast: Magic Dart        |    58 |    48 |    63 |    92 |    52 |       |       |       |       ||   313
         Searing Ray       |     2 |    16 |    44 |    75 |    13 |       |       |       |       ||   150
         Fulminant Prism   |       |       |    29 |   191 |   287 |     8 |       |       |       ||   515
         Mephitic Cloud    |       |       |     6 |    15 |     9 |       |       |       |       ||    30
         Iskenderun's Myst |       |       |     1 |    11 |    34 |       |       |       |       ||    46
         Confusing Touch   |       |       |       |     1 |       |       |       |       |       ||     1
         Dazzling Flash    |       |       |       |       |     3 |       |       |       |       ||     3
         Starburst         |       |       |       |       |   132 |   318 |       |       |       ||   450
         Borgnjor's Vile C |       |       |       |       |       |    46 |    79 |    12 |       ||   137
         Spellforged Servi |       |       |       |       |       |    84 |    61 |     2 |     1 ||   148
         Iron Shot         |       |       |       |       |       |   121 |   366 |    38 |       ||   525
         Shatter           |       |       |       |       |       |       |     3 |   278 |    26 ||   307
         Lee's Rapid Decon |       |       |       |       |       |       |       |     1 |       ||     1
 Invoke: Potion Petition   |       |       |       |     1 |     1 |       |       |       |     2 ||     4
         Call Merchant     |       |       |       |     1 |     2 |     2 |     2 |       |       ||     7
  Evoke: Wand              |       |       |       |     4 |     5 |     1 |     1 |       |       ||    11
    Use: Potion            |     2 |     1 |       |     4 |     4 |     5 |     2 |     1 |     1 ||    20
         Scroll            |       |     2 |     4 |    12 |    15 |     8 |     7 |     4 |       ||    52
   Stab: Sleeping          |       |       |     1 |       |     4 |     2 |       |       |       ||     7
         Confused          |       |       |       |     1 |       |       |       |       |       ||     1
         Distracted        |       |       |       |       |     2 |       |       |     3 |       ||     5
 Armour: Skin              |     6 |       |     4 |     8 |    14 |     9 |     2 |     1 |       ||    44
  Dodge: Dodged            |    15 |     6 |    37 |   145 |   269 |   238 |   117 |   143 |     5 ||   975
  Block: Buckler           |       |       |       |       |    75 |   145 |    62 |    57 |     1 ||   340
         Reflection        |       |       |       |       |       |    23 |    23 |     2 |     1 ||    49

Table legend: (Time is in decaauts)
 A = Elapsed time spent in this place.
 B = Non-inter-level travel time spent in this place.
 C = Inter-level travel time spent in this place.
 D = Time resting spent in this place.
 E = Time spent auto-exploring this place.
 F = Levels seen in this place.
 G = Mean time per level.
                   A        B        C        D        E       F      G
               +--------+--------+--------+--------+--------+-----+--------+
         Total |  86514 |  81941 |   4573 |  28373 |  40014 |  59 | 1466.3 |
       Dungeon |  25266 |  23314 |   1952 |   7770 |  11643 |  15 | 1684.4 |
        Temple |     61 |     48 |     13 |      0 |     33 |   1 |   61.0 |
          Lair |  11795 |  10736 |   1059 |   5148 |   3768 |   5 | 2359.0 |
         Swamp |   8346 |   8059 |    287 |   3687 |   3003 |   4 | 2086.5 |
     Snake Pit |  10039 |   9681 |    358 |   2132 |   5807 |   4 | 2509.8 |
  Orcish Mines |   2287 |   2167 |    120 |    599 |   1129 |   2 | 1143.5 |
   Elven Halls |   5656 |   5456 |    200 |   1336 |   3035 |   3 | 1885.3 |
        Vaults |  12225 |  11759 |    466 |   4628 |   5816 |   5 | 2445.0 |
        Depths |   5032 |   4918 |    114 |   1771 |   2477 |   3 | 1677.3 |
      Ziggurat |   2302 |   2302 |      0 |    558 |   1247 |  14 |  164.4 |
        Bazaar |    166 |    166 |      0 |      0 |     99 |   1 |  166.0 |
        Bailey |    589 |    589 |      0 |     54 |    325 |   1 |  589.0 |
      Ice Cave |   2743 |   2743 |      0 |    689 |   1632 |   1 | 2743.0 |
               +--------+--------+--------+--------+--------+-----+--------+

Top non-repeatable levels by time:
 Snake:2: 3888 daAuts
Vaults:4: 3409 daAuts
  Lair:5: 3376 daAuts
  Lair:4: 3203 daAuts
    D:15: 3108 daAuts
 Snake:4: 3048 daAuts
Vaults:5: 2987 daAuts
     D:8: 2969 daAuts
 Swamp:1: 2880 daAuts
   IceCv: 2743 daAuts
 Swamp:4: 2513 daAuts
     D:9: 2326 daAuts
  Lair:3: 2295 daAuts
  Lair:2: 2224 daAuts
     D:5: 2105 daAuts
